 Dungeon Crawl Stone Soup version 0.31-a0-1074-g0b22e4e0f1 (webtiles) character file.

Game seed: 60699170017115417

1586 Gelion the Martial Artist (level 8, -1/55 HPs)
             Began as an Octopode Shapeshifter on Dec 5, 2023.
             Engulfed by a steam dragon's steam (10 damage)
             ... on level 6 of the Dungeon.
             The game lasted 00:10:49 (5374 turns).

Gelion the Martial Artist (Octopode Shapeshifter)   Turns: 5374, Time: 00:10:50

Health: -1/55      AC:  5    Str: 13    XL:     8   Next: 92%
Magic:  17/17      EV: 23    Int: 17    God:
Gold:   478        SH:  0    Dex: 13    Spells: 7/7 levels left

rFire   . .          .
                       - Unarmed
rCold   . . .        (no shield)
rNeg    . . .        (helmet currently unavailable)
rPois   +            u - amulet of magic regeneration
rElec   .            e - +4 ring of protection
rCorr   .            h - +5 ring of evasion
SInv    .            s - ring of poison resistance
Will    .....        v - +5 ring of evasion
Stlth   ++           y - ring "Ummekk" {+Blink MP+9 Int+4 Slay+2}
HPRegen 0.29/turn    (no ring)
MPRegen 0.55/turn    (no ring)
                     (no ring)

%: no passive effects
@: beast-form
A: beast (slay +3), almost no armour, amphibious, 8 rings, camouflage 1,
gelatinous body 1, (nimble swimmer 1), tentacles
a: Begin Untransformation, Evoke Blink


You were on level 6 of the Dungeon.
You were a hulking beast.
You visited 2 branches of the dungeon, and saw 9 of its levels.

You collected 577 gold pieces.
You spent 99 gold pieces at shops.

Inventory:

Missiles
 w - a throwing net
Armour
 z - the +5 Storm Queen's Shield {shock, Fly rElec}
   (You acquired it on level 6 of the Dungeon)

   Shock:     When it blocks an attack, it may electrocute the attacker.
   This works even against foes who are a short distance away.
   rElec:     It insulates you from electricity.
   Fly:       It grants you flight.
Jewellery
 e - a +4 ring of protection (left tentacle)
 h - a +5 ring of evasion (right tentacle)
 s - a ring of poison resistance (on tentacle)
 u - an amulet of magic regeneration (around mantle)
 v - a +5 ring of evasion (on tentacle)
 y - the ring "Ummekk" (on tentacle) {+Blink MP+9 Int+4 Slay+2}
   (You acquired it on level 6 of the Dungeon)

   [ring of magical power]

   Int+4:     It affects your intelligence (+4).
   Slay+2:    It affects your accuracy & damage with ranged weapons and melee
   (+2).
   MP+9:      It affects your magic capacity (+9).
   +Blink:    It lets you blink.
Talismans
 b - a beast talisman
 c - a flux talisman
Wands
 i - a wand of flame (23)
 j - a wand of mindburst (10)
 k - a wand of charming (7)
 B - a wand of roots (7)
Scrolls
 f - 2 scrolls of amnesia
 l - 2 scrolls of enchant armour
 n - a scroll of brand weapon
 p - 2 scrolls of teleportation
 r - a scroll of revelation
 A - 2 scrolls of vulnerability {unknown}
 C - a scroll of identify
 D - a scroll of poison {unknown}
Potions
 a - a potion of lignification
 g - 2 potions of brilliance
 m - a potion of attraction
 o - a potion of invisibility {unknown}
 q - a potion of might
 t - a potion of curing {unknown}
 x - a potion of mutation {unknown}


   Skills:
 + Level 5.2 Fighting
 - Level 2.0 Dodging
 + Level 2.0 Shields
 * Level 8.1 Unarmed Combat
 + Level 5.7 Shapeshifting


You had 7 spell levels left.
You didn't know any spells.
Your spell library contained the following spells:

 Spells                   Type           Power      Damage    Failure   Level
 Freeze                   Ice            0%         1d3       24%         1
 Dazzling Flash           Conj/Hex       0%         N/A       56%         3
 Frozen Ramparts          Ice            0%         1d1       56%         3
 Hailstorm                Conj/Ice       0%         3d3       56%         3
 Volatile Blastmotes      Fire/Tloc      0%         2d10      56%         3
 Starburst                Conj/Fire      0%         6d3       100%        6
 Maxwell's Capacitive Co  Air            0%         ∞         100%        8


Dungeon Overview and Level Annotations

Branches:
Dungeon (8/15)             Temple (1/1) D:5
   Lair: D:8-11

Altars:
Ashenzari
Cheibriados
Dithmenos
Elyvilon
Fedhas
Hepliaklqana
Kikubaaqudgha
Makhleb
Okawaru
Qazlal
Ru
Trog
Xom
Zin
The Shining One

Shops:
D:3 **

Annotations:
D:7 1 transporter, superbruh's ghost, novice MiFi


Innate Abilities, Weirdness & Mutations

You are a hulking beast.
Your limbs bulge with bestial killing power. (Slay +3)
You cannot wear most types of armour.
You are amphibious.
You can wear up to eight rings at the same time.
Your skin changes colour to match your surroundings (Stealth+).
Your rubbery body absorbs attacks. (AC +1, EV +1)
((You are camouflaged when in or above water. (Stealth+)))
You have tentacles for arms and can constrict up to eight enemies at once.


Message History

The steam dragon hisses angrily.
The steam dragon breathes steam at you. The ball of steam hits you!
You hear a loud, deep croak!
The steam dragon closely misses you. The steam dragon completely misses you.
You closely miss the steam dragon. The steam dragon misses you.
The steam dragon completely misses you. The white imp gestures at you.
The puff of frost hits you.
You barely miss the steam dragon.
You are engulfed in a cloud of scalding steam.
The steam dragon closely misses you. The steam dragon misses you.
You tentacle-slap the steam dragon.
The steam dragon is lightly wounded.
You are engulfed in a cloud of scalding steam.
The steam dragon bites you! The steam dragon closely misses you.
You are too injured to fight recklessly!
You bludgeon the steam dragon! Your squeeze misses the steam dragon.
The steam dragon is moderately wounded.
The white imp gestures at you. The puff of frost hits you.
You bludgeon the steam dragon! You squeeze the steam dragon.
The steam dragon is severely wounded.
A bullfrog comes into view.
The steam dragon breathes steam at you. The ball of steam hits you!
* * * LOW HITPOINT WARNING * * *
The bullfrog croaks.
The steam dragon breathes steam at you. The ball of steam hits you.
* * * LOW HITPOINT WARNING * * *
It was a potion of heal wounds.
You feel much better.
You are engulfed in a cloud of scalding steam.
* * * LOW HITPOINT WARNING * * *
The white imp gestures at you. The puff of frost hits you.
* * * LOW HITPOINT WARNING * * *
The bullfrog is engulfed in a cloud of scalding steam.
You are engulfed in a cloud of scalding steam.
You die...

.............#..# #.#
.........#...#..# #.#
..#......#####..# ##
#.###....# #### .#
..###.#..##### .#
.#....#......##### .#
.................###.#####
.#.###..####.###.........##
...##..## #.§.§h###§#.....
..###.#######.§.§§D....#
#..##.##.....§####F.§###
##.#.....###### ##5.#
#........# #..# #....[...#
##.# .........# ..
#........# ... #........#
##..


You could see a steam dragon (catching breath) and a bullfrog.

Vanquished Creatures
  Sigmund (D:3)
  A water moccasin (D:6)
  An ice beast (D:6)
  A black bear (D:4)
  An ogre (D:6)
  2 phantoms
  A bullfrog (D:6)
  A scorpion (D:5)
  A gnoll bouda (D:5)
  2 hounds
  A jelly (D:6)
  A quasit (D:7)
  3 orc priests
  2 sleepcaps
  3 iguanas
  Jessica (D:2)
  Ijyb (D:3)
  2 orc wizards (D:5)
  4 gnolls (D:5)
  12 adders
  A shadow imp (D:7)
  3 white imps
  4 ufetubi
  2 dart slugs
  4 worms
  18 orcs
  11 bats
  4 endoplasms
  2 giant cockroaches (D:1)
  5 goblins
  6 hobgoblins
  9 kobolds
  5 quokkas
  3 ball pythons
  9 frilled lizards
  7 rats
135 creatures vanquished.

Notes
Turn   | Place    | Note
-------+----------+-------------------------------------------
     0 | D:1      | Gelion the Octopode Shapeshifter began the quest for the
                  | Orb.
     0 | D:1      | Reached XP level 1. HP: 13/13 MP: 1/1
   320 | D:1      | Reached XP level 2. HP: 18/18 MP: 2/2
   840 | D:2      | Reached XP level 3. HP: 18/23 MP: 3/3
  1105 | D:2      | Noticed Jessica
  1112 | D:2      | Killed Jessica
  1113 | D:2      | Reached skill level 4 in Unarmed Combat
  1113 | D:2      | Reached XP level 4. HP: 5/29 MP: 4/4
  1332 | D:2      | Found a faded altar of an unknown god.
  1558 | D:3      | Noticed Sigmund
  1610 | D:3      | Found Hasor's Assorted Antiques.
  1622 | D:3      | Bought a scroll labelled JUCLYGH HUNOMU for 24 gold pieces
  1640 | D:3      | Reached XP level 5. HP: 18/34 MP: 5/5
  1725 | D:3      | Killed Sigmund
  1726 | D:3      | Reached skill level 5 in Unarmed Combat
  1726 | D:3      | Reached XP level 6. HP: 30/42 MP: 6/6
  1770 | D:3      | Noticed Ijyb
  1776 | D:3      | Killed Ijyb
  1783 | D:3      | Found Usautuh's Assorted Antiques.
  1797 | D:3      | Bought a scroll labelled LID NUBRINLU for 25 gold pieces
  2643 | D:4      | Noticed a black bear
  2649 | D:4      | Killed a black bear
  2662 | D:4      | Reached XP level 7. HP: 42/46 MP: 7/7
  3386 | D:3      | Bought a scroll of identify for 50 gold pieces
  3454 | D:5      | Entered Level 5 of the Dungeon
  3476 | D:5      | Reached skill level 6 in Unarmed Combat
  3845 | D:5      | Found a burning altar of Makhleb.
  4092 | D:5      | Found a staircase to the Ecumenical Temple.
  4097 | Temple   | Entered the Ecumenical Temple
  4251 | D:5      | Reached skill level 5 in Shapeshifting
  4251 | D:5      | Reached XP level 8. HP: 28/54 MP: 8/8
  4363 | D:5      | Reached skill level 7 in Unarmed Combat
  4617 | D:6      | Identified 3 scrolls of acquirement
  4617 | D:6      | Acquired the +5 Storm Queen's Shield {shock, Fly rElec}
  4617 | D:6      | Found the +5 Storm Queen's Shield {shock, Fly rElec}
  4619 | D:6      | Acquired 332 gold pieces
  4621 | D:6      | Acquired the ring "Ummekk" {+Blink MP+9 Int+4 Slay+2}
  4771 | D:6      | Reached skill level 1 in Shields
  4782 | D:6      | Reached skill level 5 in Fighting
  4919 | D:6      | You fall into a shaft and drop 2 floors!
  5000 | D:7      | Reached skill level 8 in Unarmed Combat
  5074 | D:7      | Noticed superbruh's ghost (novice MiFi)
  5086 | D:7      | Found a transporter.
  5372 | D:6      | HP: 2/55 [steam dragon/ball of steam (6)]
  5374 | D:6      | Engulfed by a steam dragon's steam

Illustrated notes

Levels and vault maps discovered:
D:1:      minmay_arrival_wavy_path, layout_basic
D:2:      layout_rooms, ebering_ecumenical_altar_sacrificial,
          minmay_misc_feat_plants, minmay_lizard_pond, uniq_jessica
D:3:      minmay_chambers_of_threes, layout_basic, serial_shops, shop, shop,
          uniq_sigmund, uniq_ijyb
D:4:      layout_basic, serial_glass, glass_columns_a, glass_columns_b,
          glass_columns_a, glass_columns_c, glass_columns_a, glass_columns_b,
          roderic_batcave
D:5:      layout_loops_ring, mainiacjoe_overflow_paths, temple_doors_e,
          grunt_ministairs_6
D:6:      layout_rooms
D:7:      layout_layer_cave, gammafunk_ghost_berserking_beasts, serial_demonic,
          serial_demonic_d, serial_demonic_c, serial_demonic_e, serial_demonic_d
D:8:      layout_rooms, nicolae_wu_jian_glorious_leap,
          due_lair_maze_entry_diamond, billiards_dpeg
Temple:   eino_temple_water

Skill      XL: |  1  2  3  4  5  6  7  8 |
---------------+-------------------------+-----
Fighting       | 2 3 4 5 |  5.2
Unarmed Combat | 4 5 6 8 |  8.1
Shapeshifting  | 4 5 |  5.7
Shields        | 2 |  2.0
Dodging        | |  2.0

Action                     |  1- 3 |  4- 6 |  7- 9 || total
---------------------------+-------+-------+-------++-------
  Melee: Unarmed           |    68 |    69 |   185 ||   322
         Tentacles         |     9 |    13 |    43 ||    65
         Constrict         |    15 |    16 |    40 ||    71
         Punch             |     3 |     4 |    12 ||    19
    Use: Scroll            |       |     8 |     6 ||    14
         Potion            |       |       |     1 ||     1
   Stab: Sleeping          |     4 |     7 |     2 ||    13
 Armour: Skin              |    34 |    15 |    68 ||   117
  Dodge: Dodged            |    31 |    35 |   161 ||   227

Table legend: (Time is in decaauts)
 A = Elapsed time spent in this place.
 B = Non-inter-level travel time spent in this place.
 C = Inter-level travel time spent in this place.
 D = Time resting spent in this place.
 E = Time spent auto-exploring this place.
 F = Levels seen in this place.
 G = Mean time per level.
                   A        B        C        D        E       F      G
               +--------+--------+--------+--------+--------+-----+--------+
         Total |   5338 |   5026 |    312 |     89 |   4039 |   9 |  593.1 |
       Dungeon |   5298 |   5024 |    274 |     89 |   4039 |   8 |  662.2 |
        Temple |     39 |      1 |     38 |      0 |      0 |   1 |   39.0 |
               +--------+--------+--------+--------+--------+-----+--------+

Top non-repeatable levels by time:
     D:3: 1093 daAuts
     D:5: 1089 daAuts
     D:1: 820 daAuts
     D:4: 817 daAuts
     D:2: 706 daAuts
     D:6: 597 daAuts
     D:7: 162 daAuts
  Temple: 39 daAuts
     D:8: 10 daAuts
